Map: Tours du crépuscule

Players

GaÏa

  • Race: Protoss Protoss
  • League: Diamond

Praxo - Winner!

  • Race: Terran Terran
  • League: Diamond

VOD

Have the link to the VOD?

Description

Time

  • Played on: March 14, 2016, 12:57 p.m.
  • Length: 24:14
Show
View Real Time Build Order
Export as new Build Order

GaÏa Protoss 

Build Orders:  

Get SALT Encoding   

  12  0:01  Probe (Chrono Boost)  
  13  0:11  Probe (Chrono Boost)  
  14  0:17  Pylon  
  14  0:22  Probe (Chrono Boost)  
  16  0:35  Probe (Chrono Boost)  
  16  0:37  Gateway  
  16  0:46  Probe (Chrono Boost)  
  16  0:47  Assimilator  
  17  0:57  Probe (Chrono Boost)  
  18  1:02  Assimilator  
  18  1:07  Probe (Chrono Boost)  
  19  1:18  Probe (Chrono Boost)  
  20  1:25  Cybernetics Core  
  20  1:29  Pylon  
  20  1:31  Probe (Chrono Boost)  
  21  1:47  Nexus  
  21  2:01  Adept (Chrono Boost)  
  21  2:03  Pylon  
  21  2:06  Warp Gate  
  22  2:16  Probe  
  23  2:27  Adept (Chrono Boost)  
  23  2:28  Mothership Core  
  27  2:45  Robotics Facility  
  27  2:49  Probe  
  28  2:58  Probe  
  28  3:01  Probe  
  28  3:03  Adept (Chrono Boost)  
  32  3:08  Probe  
  32  3:12  Twilight Council  
  33  3:13  Probe  
  33  3:19  Probe  
  32  3:41  Probe  
  32  3:47  Warp Prism (Chrono Boost)  
  32  3:48  Gateway  
  35  3:49  Gateway  
  35  3:51  Gateway  
  35  3:55  Twilight Council  
  35  4:06  Gateway  
  35  4:07  Probe  
  36  4:11  Adept  
  38  4:29  Pylon  
  38  4:31  Pylon  
  38  4:38  Resonating Glaives (Chrono Boost)  
  38  4:39  Adept  
  40  4:47  Adept  
  40  4:49  Probe  
  40  4:52  Pylon  
  43  5:01  Adept  
  43  5:02  Adept  
  47  5:17  Adept x3  
  53  5:25  Adept  
  53  5:42  Probe x2  
  54  5:46  Assimilator  
  55  5:51  Stargate  
  55  5:53  Stargate  
  55  5:54  Probe  
  56  5:57  Probe  
  56  6:03  Pylon  
  57  6:06  Adept x3  
  57  6:08  Adept x2, Probe  
  57  6:10  Pylon  
  68  6:39  Stalker x3  
  66  6:40  Stalker  
  62  7:06  Adept x4  
  62  7:07  Adept  
  66  7:28  Probe  
  61  7:31  Adept x4  
  61  7:32  Warp Prism  
  55  7:57  Probe  
  52  8:02  Oracle (Chrono Boost)  
  52  8:03  Probe  
  52  8:08  Assimilator  
  52  8:09  Probe  
  53  8:15  Oracle (Chrono Boost), Probe  
  57  8:21  Probe  
  57  8:22  Nexus  
  57  8:24  Assimilator  
  58  8:27  Probe, Warp Prism  
  58  8:28  Assimilator  
  58  8:32  Pylon  
  58  8:33  Pylon, Probe  
  62  8:39  Probe  
  63  8:45  Probe  
  64  8:52  Forge  
  64  8:55  Forge  
  64  9:08  Zealot  
  64  9:09  Zealot x4  
  74  9:10  Probe  
  74  9:14  Probe  
  66  9:31  Probe  
  66  9:36  Adept x5  
  74  9:43  Probe x2  
  74  9:44  Protoss Ground Weapons Level 1, Protoss Ground Armor Level 1  
  75  9:55  Probe  
  72  10:02  Stalker x2  
  72  10:03  Stalker x2  
  74  10:15  Stalker  
  69  10:30  Probe x2  
  65  10:42  Probe  
  66  10:46  Probe  
  64  10:52  Stalker  
  64  10:53  Stalker x3  
  70  10:59  Probe  
  70  11:03  Probe  
  65  11:04  Probe  
  62  11:27  Probe  
  62  11:28  Probe  
  62  11:29  Adept x3  
  71  11:40  Probe x2  
  72  11:52  Probe x2  
  74  11:58  Phoenix (Chrono Boost)  
  74  12:00  Probe  
  76  12:04  Probe x2  
  79  12:10  Probe  
  82  12:16  Probe x2  
  86  12:28  Probe x2  
  86  12:36  Pylon  
  86  12:40  Probe x2  
  86  12:42  Phoenix (Chrono Boost)  
  88  12:52  Probe x2, Phoenix (Chrono Boost)  
  88  12:53  Adept  
  88  12:54  Adept x3  
  92  13:07  Zealot  
  92  13:09  Probe  
  91  13:23  Adept x3  
  91  13:26  Probe  
  96  13:34  Probe  
  81  13:46  Adept  
  81  13:47  Zealot, Adept x2  
  80  13:49  Probe x2  
  78  14:01  Probe x2  
  78  14:02  Adept  
  74  14:10  Immortal  
  74  14:13  Probe x2  
  80  14:19  Gateway  
  80  14:20  Adept x4  
  88  14:25  Probe x2  
  88  14:29  Adept  
  90  14:56  Probe x2  
  90  14:59  Adept x4  
  102  15:07  Protoss Ground Weapons Level 2  
  102  15:08  Probe  
  101  15:29  Immortal  
  101  15:31  Robotics Bay  
  103  15:36  Zealot x2  
  103  15:37  Zealot  
  98  16:15  Pylon  
  98  16:16  Pylon  
  98  16:17  Nexus, Pylon  
  98  16:20  Robotics Bay  
  98  16:21  Assimilator  
  98  16:26  Assimilator  
  98  16:33  Pylon, Probe x2  
  98  16:34  Pylon  
  98  16:35  Phoenix (Chrono Boost), Immortal  
  98  16:36  Pylon  
  106  16:41  Pylon  
  106  16:43  Pylon x2  
  106  16:44  Adept  
  108  17:03  Probe  
  108  17:04  Probe  
  110  17:13  Disruptor, Adept x4  
  110  17:15  Nexus  
  121  17:26  Protoss Ground Armor Level 2  
  121  17:49  Disruptor  
  124  17:52  Zealot x6  
  136  18:00  Pylon  
  126  18:17  Probe  
  117  18:22  Templar Archives  
  117  18:23  Stalker  
  117  18:25  Disruptor  
  117  18:26  Probe  
  121  18:29  Probe  
  122  18:44  Probe  
  123  18:51  Gateway x2  
  115  19:00  Warp Prism  
  115  19:08  Stalker  
  115  19:09  High Templar x3  
  118  19:17  High Templar x2  
  118  19:18  Archon  
  118  19:19  Probe x2  
  124  19:27  Archon  
  132  19:31  High Templar  
  132  19:36  Disruptor  
  132  19:38  Archon  
  137  19:43  High Templar x3  
  143  19:47  Zealot x2  
  143  19:51  Archon  
  145  19:53  Probe  
  143  20:00  High Templar  
  145  20:08  Zealot  
  145  20:12  Void Ray x2 (Chrono Boost)  
  147  20:19  Pylon  
  147  20:21  Pylon  
  147  20:23  Mothership Core, Pylon  
  147  20:24  Pylon  
  147  20:25  Pylon  
  145  20:31  Warp Prism  
  127  21:03  Zealot x6  
  125  21:18  High Templar  
  125  21:22  Gateway  
  125  21:23  Nexus  
  125  21:24  Gateway  
  127  21:27  Assimilator  
  127  21:31  Assimilator  
  127  21:37  Pylon  
  124  21:50  Pylon  
  124  21:51  Pylon  
  124  21:53  Pylon  
  119  21:55  Pylon  
  119  21:58  High Templar  
  121  22:04  Probe  
  122  22:13  Pylon  
  122  22:15  Pylon  
  122  22:17  High Templar  
  122  22:18  High Templar x5  
  134  22:24  Archon  
  134  22:29  Archon x2  
  116  22:49  High Templar x3  
  118  22:53  Archon x3  
  107  23:19  Stalker x3  
  92  23:20  Stalker x3  
  84  23:35  High Templar x3  
  86  23:41  Archon  
  86  23:42  Zealot  
  86  23:43  Zealot x5  
Show
View Real Time Build Order
Export as new Build Order

Praxo Terran - Winner!

Build Orders: Reaper Expand 

Get SALT Encoding   

  12  0:00  SCV  
  13  0:13  SCV  
  14  0:17  Supply Depot  
  14  0:25  SCV  
  15  0:39  SCV  
  15  0:40  Barracks  
  16  0:46  Refinery  
  16  0:51  SCV  
  17  1:03  SCV  
  18  1:15  SCV  
  19  1:28  Orbital Command  
  19  1:29  Reaper  
  20  1:48  Command Center  
  20  1:58  SCV  
  21  2:05  Supply Depot  
  21  2:13  Factory  
  21  2:18  Refinery  
  21  2:19  Marine  
  22  2:23  SCV  
  23  2:35  SCV  
  24  2:43  Barracks Reactor  
  24  2:47  SCV  
  25  2:58  Widow Mine  
  25  3:01  Starport  
  25  3:05  SCV, Orbital Command  
  28  3:17  SCV  
  29  3:27  Widow Mine  
  29  3:29  SCV, Marine x2  
  33  3:42  SCV x2  
  33  3:47  Medivac, Marine  
  38  3:54  SCV x2  
  40  3:58  Supply Depot  
  40  3:59  Supply Depot  
  40  4:06  SCV x2  
  40  4:07  Marine x2  
  44  4:18  SCV  
  45  4:25  Liberator  
  45  4:27  Command Center  
  45  4:28  Marine  
  45  4:29  Marine  
  50  4:46  Marine  
  50  4:47  Barracks  
  50  4:50  Barracks  
  50  4:51  Factory Tech Lab  
  51  4:53  Marine  
  51  4:59  Supply Depot  
  52  5:02  SCV, Engineering Bay  
  52  5:03  Engineering Bay  
  52  5:04  Marine  
  54  5:10  Marine  
  54  5:13  SCV  
  56  5:14  SCV  
  56  5:22  Marine  
  51  5:28  Marine  
  46  5:40  Barracks Tech Lab, Marine  
  47  5:43  SCV x2  
  47  5:46  Marine  
  50  5:50  Stimpack  
  50  5:55  SCV, Orbital Command  
  51  5:57  Marine  
  52  6:04  Starport Reactor, Marine  
  52  6:06  Marauder, Terran Infantry Armor Level 1, Terran Infantry Weapons Level 1  
  52  6:09  SCV x2  
  52  6:10  Refinery  
  52  6:11  Refinery  
  57  6:15  Marine  
  58  6:21  SCV  
  58  6:22  SCV, Marine  
  58  6:25  Marauder  
  63  6:27  Marauder  
  65  6:33  Marine  
  65  6:34  SCV  
  65  6:39  SCV x2, Marine  
  58  6:46  SCV, Marine  
  46  6:48  Marine  
  46  6:51  Marine  
  45  6:55  SCV  
  45  6:57  Marine  
  44  7:04  SCV, Marauder  
  44  7:07  Marauder, Medivac x2  
  44  7:08  SCV  
  54  7:09  Marine  
  54  7:15  Marine  
  36  7:25  Marauder  
  36  7:26  Marine  
  36  7:27  Marine  
  32  7:33  Marine  
  31  7:37  Medivac x2  
  31  7:41  Orbital Command  
  31  7:43  SCV  
  32  7:44  Marine  
  32  7:46  Marauder  
  32  7:47  Marauder  
  32  7:51  Marine  
  31  8:00  SCV  
  31  8:02  Marine  
  33  8:16  Marine x2  
  33  8:18  SCV  
  36  8:23  SCV  
  36  8:24  SCV  
  38  8:31  Marauder  
  40  8:34  SCV  
  40  8:38  Concussive Shells  
  39  8:50  Marauder  
  39  8:53  Marine  
  40  8:59  SCV x2  
  40  9:00  Marine  
  40  9:01  Marine  
  43  9:07  SCV  
  39  9:10  Marine  
  39  9:11  SCV x2  
  39  9:14  Marine  
  40  9:34  SCV  
  40  9:35  SCV x2  
  43  9:46  SCV  
  43  9:47  SCV x2  
  46  9:59  SCV x3  
  46  10:11  SCV x3  
  49  10:15  Marine  
  49  10:16  Marine  
  49  10:20  Marine  
  52  10:23  SCV x3  
  55  10:33  Marine x2  
  55  10:35  SCV x2  
  59  10:37  SCV  
  59  10:39  Marauder  
  59  10:42  Marine  
  58  10:47  SCV x2  
  58  10:49  SCV  
  62  10:51  Marauder, Marine  
  65  10:59  SCV x2  
  63  11:06  SCV  
  62  11:11  SCV x2  
  64  11:18  SCV  
  64  11:23  Armory  
  56  11:26  SCV x2  
  56  11:29  Marine x2  
  56  11:30  Marauder x2, SCV  
  65  11:35  Command Center  
  65  11:38  SCV  
  66  11:43  SCV x2  
  66  11:45  Combat Shields  
  68  11:47  Marine  
  69  11:54  Refinery x2  
  69  11:55  Supply Depot  
  69  11:56  Supply Depot  
  69  11:57  Armory  
  69  11:59  Supply Depot  
  69  12:04  Barracks  
  69  12:05  SCV x3, Marauder, Marine x2  
  69  12:06  Marine  
  77  12:17  SCV x3  
  80  12:23  Marine x2  
  80  12:24  Marauder  
  80  12:27  Marauder  
  80  12:29  SCV x3  
  89  12:31  Terran Infantry Weapons Level 2  
  89  12:41  SCV x2, Marine x2  
  89  12:42  SCV  
  93  12:49  Marauder, Marine  
  95  12:54  SCV x2  
  86  12:58  Marine x2  
  86  13:00  SCV  
  81  13:06  SCV  
  81  13:07  Marauder  
  81  13:09  Medivac  
  81  13:10  Marine  
  81  13:12  SCV x2  
  85  13:16  Marine x2  
  85  13:26  SCV  
  77  13:28  Marauder, Marine  
  80  13:34  Marine x2  
  80  13:36  SCV  
  80  13:41  SCV x2  
  78  13:46  Marine  
  70  13:49  Marine  
  70  13:51  Missile Turret  
  70  13:52  Marine x2  
  70  13:54  SCV  
  65  13:56  SCV  
  60  14:04  Marauder  
  60  14:07  Marine  
  60  14:08  SCV x2  
  60  14:09  SCV  
  65  14:10  Marine  
  65  14:13  Orbital Command  
  66  14:20  SCV  
  66  14:34  SCV x2  
  70  14:38  Marauder  
  70  14:39  Marauder, Medivac  
  70  14:40  Medivac  
  70  14:43  SCV x2  
  70  14:44  Marine  
  79  14:51  Marine  
  79  14:52  SCV  
  79  14:55  Orbital Command  
  80  15:00  Marauder x2  
  80  15:02  Marine  
  83  15:09  Medivac, Marine  
  83  15:11  Barracks Tech Lab  
  86  15:18  SCV x2  
  86  15:20  Marine  
  91  15:21  Marauder x2  
  91  15:25  Medivac  
  91  15:27  Marine  
  96  15:30  SCV x2  
  96  15:31  SCV  
  96  15:33  Marine  
  100  15:38  Marine  
  101  15:49  Marine  
  101  15:50  SCV  
  101  15:51  Marine  
  101  15:53  Marauder  
  101  15:54  Marauder  
  101  15:56  Supply Depot  
  90  16:06  Supply Depot x2  
  90  16:17  Marauder x2, Orbital Command, Marine x2  
  96  16:19  Marine  
  96  16:22  Medivac x2  
  101  16:31  SCV x2  
  103  16:33  Terran Infantry Armor Level 2, Terran Infantry Weapons Level 3  
  103  16:35  Marine x2  
  103  16:36  Marine  
  108  16:40  Marauder  
  108  16:43  Marauder, SCV x2  
  112  16:52  Marine  
  112  16:53  Marine  
  114  16:54  Marine  
  117  17:01  Marauder  
  117  17:04  Marine  
  117  17:05  SCV x2  
  120  17:12  Viking x2  
  124  17:16  Marauder  
  125  17:28  Liberator  
  125  17:29  Supply Depot  
  125  17:30  Supply Depot  
  125  17:32  SCV x2, Marauder x2, Marine x2  
  125  17:33  Liberator  
  133  17:50  Supply Depot  
  135  17:51  Supply Depot  
  135  17:53  Orbital Command  
  135  17:57  Missile Turret  
  126  18:08  Factory Reactor  
  126  18:11  Liberator  
  126  18:16  Liberator  
  126  18:18  Marauder, Marine x2  
  126  18:19  Marauder x2  
  140  18:36  Refinery, Marine x2  
  140  18:40  Marauder  
  144  18:43  Marauder  
  144  18:46  Marauder  
  148  18:52  Command Center  
  138  19:05  Marauder x2, Marine x2  
  138  19:07  Marine  
  124  19:12  Liberator x2  
  124  19:22  Marine  
  125  19:25  Marauder  
  125  19:27  Marauder x2  
  137  19:35  Terran Infantry Armor Level 3  
  137  19:43  Supply Depot  
  137  19:44  Refinery  
  137  19:46  Marauder, Supply Depot  
  137  19:48  Marauder  
  141  19:54  Marine  
  141  19:55  Liberator  
  142  20:04  Marine  
  142  20:05  Marauder, Widow Mine x2  
  142  20:06  Missile Turret  
  149  20:08  Marauder  
  149  20:09  Refinery, Marine  
  155  20:15  Orbital Command  
  155  20:18  Liberator, Barracks  
  155  20:19  Barracks  
  155  20:22  Barracks  
  155  20:26  Marauder, Marine x2  
  155  20:27  Marauder  
  161  20:29  Marine  
  165  20:35  Widow Mine  
  164  20:42  Liberator  
  162  20:52  Marine  
  162  20:53  Marauder, Marine  
  162  20:55  Marine  
  162  20:56  Marauder  
  161  21:01  Liberator  
  162  21:05  Marine  
  162  21:06  Marine  
  162  21:10  Marine x2  
  165  21:13  Marauder  
  165  21:14  Marine  
  165  21:16  Marine  
  170  21:23  Marine x2  
  169  21:25  Liberator  
  169  21:28  Marine x2  
  169  21:31  Widow Mine  
  169  21:32  Marauder  
  171  21:34  Marine  
  171  21:35  Marauder  
  174  21:41  Marine x2  
  179  21:53  Marauder  
  179  21:54  Marauder  
  173  21:56  Marauder, Marine x2  
  173  21:59  Marine x2  
  173  22:00  Supply Depot  
  179  22:14  Marauder  
  179  22:15  Marauder  
  179  22:17  Marauder  
  162  22:23  Marine  
  162  22:24  Marine x2  
  158  22:30  Marine  
  158  22:35  Marauder  
  158  22:36  Marauder  
  162  22:39  Marauder  
  162  22:41  Marine x2  
  162  22:42  Marine  
  164  22:47  Marine  
  165  22:57  Marauder  
  165  22:58  Marauder  
  169  22:59  Marine x3  
  169  23:00  Marauder  
  169  23:05  Marine  
  165  23:17  Marine x3  
  165  23:18  Marauder  
  165  23:19  Marauder  
  167  23:22  Marauder  
  167  23:23  Marine  
  165  23:35  Marine x3  
  165  23:39  Marauder  
  165  23:41  Marauder, Marine  
  172  23:43  Marauder  
  175  23:52  Marine  
  175  23:53  Marine x2  
Tags
 
Add a new tag
Caveats
  • Supply blocks, unpowered buildings, or Contaminate may cause inaccurate times.
  • Supply counts are checked every 10 seconds.